 Dungeon Crawl Stone Soup version 0.17-a0-1262-gd250d98 (webtiles) character file.

494 kidanger the Caller (level 6, -3/44 HPs)
             Began as a Vampire Summoner on June 6, 2015.
             Was an Initiate of Kikubaaqudgha.
             Slain by a giant frog (7 damage)
             ... on level 7 of the Dungeon.
             The game lasted 00:34:35 (5623 turns).

kidanger the Caller (Vampire Summoner)              Turns: 5623, Time: 00:34:35

Health: -3/44      AC:  5    Str:  8    XL:     6   Next: 92%
Magic:  22/22      EV: 13    Int: 17    God:    Kikubaaqudgha [......]
Gold:   214        SH:  0    Dex: 14    Spells: 3 memorised, 6 levels left

rFire  + . .     SeeInvis +     j - +4 spear (freeze)
rCold  . . .     Clarity  .     e - +2 leather armour {rF+}
rNeg   + . .     SustAt   .     (no shield)
rPois  .         Gourm    .     (no helmet)
rElec  .         Spirit   .     (no cloak)
rCorr  .         Warding  .     (no gloves)
rMut   .         Stasis   .     (no boots)
MR     +....                    (no amulet)
Stlth  +++.......               n - ring of protection from magic
                                g - ring of magical power

@: somewhat resistant to hostile enchantments, fairly stealthy
A: fangs 3, see invisible, dopey 1, high mp 1, unbreathing
a: Bat Form, Renounce Religion


You were on level 7 of the Dungeon.
You worshipped Kikubaaqudgha.
Kikubaaqudgha was noncommittal.
You were not thirsty.

You visited 1 branch of the dungeon, and saw 7 of its levels.

You collected 214 gold pieces.

Inventory:

Hand weapons
 i - a +1 dagger of speed
 j - a +4 spear of freezing (weapon)
Armour
 a - a +0 robe
 e - a +2 leather armour of fire resistance (worn)
Jewellery
 g - a ring of magical power (left hand)
 k - an uncursed ring of stealth
 n - a ring of protection from magic (right hand)
Scrolls
 d - 5 scrolls of identify
 h - a scroll of remove curse
 o - a scroll of recharging
Potions
 c - 14 potions of blood
 m - a potion of brilliance
Books
 b - a book of Callings

   Spells                             Type                      Level
   a - Summon Small Mammal            Summoning                    1
   b - Call Imp                       Summoning                    2
   c - Call Canine Familiar           Summoning                    3
   d - Summon Guardian Golem          Hexes/Summoning              3
   e - Summon Lightning Spire         Summoning/Air                4
   f - Summon Ice Beast               Ice/Summoning                4


   Skills:
 + Level 1.8 Fighting
 + Level 2.3 Short Blades
 + Level 0.5 Polearms
 + Level 1.1 Armour
 + Level 3.5 Dodging
 + Level 4.2 Stealth
 + Level 4.0 Spellcasting
 + Level 5.1 Summonings


You had 6 spell levels left.
You knew the following spells:

 Your Spells              Type           Power        Failure   Level  Hunger
a - Summon Small Mammal   Summ           ###.         2%          1    None
b - Call Imp              Summ           ###.....     4%          2    ##.....
c - Summon Lightning Spi  Summ/Air       ##......     78%         4    ####...


Dungeon Overview and Level Annotations

Branches:
Dungeon (7/15)
 Temple: D:4-7

Altars:
Elyvilon
Fedhas
Gozag
Kikubaaqudgha
Qazlal
Trog
Xom

Annotations:
D:3 Baka's ghost, average OgBe


Innate Abilities, Weirdness & Mutations

You have razor-sharp teeth.
You have supernaturally acute eyesight.
You can survive without breathing.
You are dopey. (Int -2)
You have an increased reservoir of magic (+10% MP).


Message History

The giant frog closely misses you. The giant frog barely misses you.
The giant frog completely misses you. The giant frog misses you.
The orc closely misses you. The giant frog closely misses you.
There is a stone staircase leading down here.
The giant frog hits you.
* * * LOW HITPOINT WARNING * * *
The orc hits you with a long sword.
* * * LOW HITPOINT WARNING * * *
The giant frog hits you.
* * * LOW HITPOINT WARNING * * *
You climb downwards. 2 gnolls come into view.
Found a paperback book.
There is a stone staircase leading up here.
You puncture the giant frog! You freeze the giant frog.
The giant frog is heavily wounded.
The giant frog hits you!
You die...
Kikubaaqudgha rasps: "You have failed me!
Welcome... oblivion!" ..:######## #g...o@F.# .g.######.# #

You could see a giant frog, 2 gnolls and an orc.

Vanquished Creatures
  A sky beast (D:5)
  An ice beast (D:5)
  A vampire bat (D:5)
  An orc wizard (D:3)
  3 adders
  An ooze (D:2)
  A giant gecko (D:5)
  3 orcs (D:3)
  A ball python (D:3)
  5 bats
  A bat skeleton (D:6)
  2 bat zombies (D:5)
  3 giant cockroaches
  2 goblins (D:2)
  3 hobgoblins
  2 kobolds (D:3)
  A quokka (D:3)
  2 rats
34 creatures vanquished.

Vanquished Creatures (collateral kills)
  A centaur (D:3)
  A vampire bat (D:5)
  A centaur zombie (D:5)
  An orc wizard (D:2)
  An iguana (D:3)
  Terence (D:3)
  A hound (D:4)
  2 adders (D:3)
  4 gnolls
  2 oozes
  A worm (D:3)
  A giant gecko (D:3)
  3 orcs (D:3)
  A bat skeleton (D:5)
  2 bat zombies (D:5)
  7 goblins
  9 hobgoblins
  2 jackals (D:2)
  2 quokkas
  7 bats
  6 giant cockroaches
  A giant newt (D:1)
  A jackal skeleton (D:4)
  3 kobolds
  4 rats
65 creatures vanquished.

Grand Total: 99 creatures vanquished

Notes
Turn   | Place    | Note
--------------------------------------------------------------
     0 | D:1      | kidanger the Vampire Summoner began the quest for the Orb.
     0 | D:1      | Reached XP level 1. HP: 13/13 MP: 3/3
   652 | D:1      | Reached XP level 2. HP: 19/19 MP: 0/5
   734 | D:1      | Learned a level 2 spell: Call Imp
   747 | D:1      | You fall through a shaft!
   818 | D:2      | Found a stormy altar of Qazlal.
  1032 | D:2      | Noticed Terence
  1275 | D:3      | Killed Terence
  1275 | D:3      | Reached XP level 3. HP: 5/25 MP: 1/6
  1290 | D:2      | Gained mutation: You have an increased reservoir of magic (+10% MP). [potion of mutation]
  1290 | D:2      | Gained mutation: You are dopey. (Int -2) [potion of mutation]
  1290 | D:2      | HP: 1/25 [poisoned by an adder]
  1405 | D:2      | Reached skill level 1 in Fighting
  1602 | D:2      | Reached skill level 1 in Short Blades
  2043 | D:3      | Reached XP level 4. HP: 29/32 MP: 5/8
  2154 | D:3      | Noticed Baka's ghost (average OgBe)
  3427 | D:3      | Reached XP level 5. HP: 37/37 MP: 7/10
  3793 | D:3      | Noticed a centaur
  3835 | D:3      | Killed a centaur
  4091 | D:4      | Found a stormy altar of Qazlal.
  4095 | D:4      | Noticed an air elemental
  4096 | D:4      | Noticed a fire elemental
  4096 | D:4      | Noticed a water elemental
  4511 | D:4      | Found a bloodstained altar of Trog.
  4535 | D:5      | Entered Level 5 of the Dungeon
  4535 | D:5      | Found an opulent altar of Gozag.
  4535 | D:5      | Noticed a sky beast
  4715 | D:5      | Found a white marble altar of Elyvilon.
  4749 | D:5      | Learned a level 4 spell: Summon Lightning Spire
  4771 | D:5      | Found a shimmering altar of Xom.
  4773 | D:5      | Found a blossoming altar of Fedhas.
  4874 | D:5      | Reached XP level 6. HP: 26/44 MP: 6/11
  4930 | D:5      | Noticed an ice beast
  4931 | D:5      | Reached skill level 1 in Armour
  4950 | D:5      | Killed an ice beast
  4950 | D:5      | Reached skill level 5 in Summonings
  5087 | D:5      | Killed a sky beast
  5392 | D:5      | Found an ancient bone altar of Kikubaaqudgha.
  5410 | D:5      | Became a worshipper of Kikubaaqudgha
  5623 | D:7      | Slain by a giant frog

Vault maps used:
D:1:      dpeg_arrival_stone_temple_mockup
D:2:      overflow_temple_1_default, uniq_terence
D:3:      wad_river_or_something, first_bread
D:4:      kennysheep_mini_moat, nicolae_qazlal_style_of_elements
D:5:      nicolae_gozag_seed_capital, kennysheep_vampire_church,
          nicolae_overflow_hidden_temple
D:6:      kennysheep_mini, minmay_temple_entry_fiery, minmay_misc_feat_alley,
          lexackson_kobold_supper
D:7:      slow_altar_1, serial_shops, kennysheep_little_box, the_bakery,
          nicolae_elemental_shop

Action                   |  1- 3 |  4- 6 || total
-------------------------+-------+-------++-------
Melee: Unarmed           |    10 |       ||    10
       Dagger            |    80 |    91 ||   171
       Spear             |       |    37 ||    37
 Cast: Summon Small Mamm |    34 |    20 ||    54
       Call Imp          |    13 |    50 ||    63
  Use: Scroll            |     2 |     8 ||    10
       Potion            |     9 |    15 ||    24
 Stab: Sleeping          |       |     4 ||     4
